[Event "Titled Tuesday Blitz May 10 Early 2022"]
[White "Keymer, Vincent"]
[Black "Sokolovsky, Yahli"]
[WhiteFideId "12940690"]
[BlackFideId "2820242"]
[WhiteElo "2548"]
[BlackElo "1770"]
[Result "0-1"]
[Round "05"]
[TimeControl "180+1"]
[Date "2022.05.11"]
[WhiteClock "0:00:02"]
[BlackClock "0:00:03"]

1. Nf3 g6 2. c4 Bg7 3. d4 d6 4. Nc3 Nf6 5. g3 O-O 6. Bg2 c6 7. e4 Qc7 8. h3 e5 9. O-O Nbd7 10. Be3 Re8 11. d5 c5 12. a3 Nb6 13. Nd2 Bd7 14. Qe2 Na4 15. Nd1 a5 16. b3 Nb6 17. Nc3 Rf8 18. Rac1 Nh5 19. Kh2 Nc8 20. Nb5 Qd8 21. b4 b6 22. bxc5 bxc5 23. Rb1 Be8 24. Bf3 Nf6 25. Rg1 Nd7 26. g4 Kh8 27. Rg3 g5 28. h4 gxh4 29. Rh3 Bf6 30. Rg1 Rg8 31. Bh1 Ndb6 32. Nc3 Bg5 33. Nf3 h6 34. Nd1 Qf6 35. Nxg5 hxg5 36. Rf3 Qg7 37. Rh3 Ne7 38. Bg2 f6 39. Bf1 Ng6 40. f3 Rb8 41. Kh1 Bd7 42. Rh2 Rb7 43. Qd2 Rgb8 44. Qxa5 Ra8 45. Qc3 Rba7 46. Ra2 Qf8 47. Qb2 Qb8 48. Rg2 Na4 49. Qc1 Qb3 50. Rgd2 Nf4 51. Qc2 Qxc2 52. Rdxc2 Rb7 53. Kg1 Rb3 54. Kf2 Rab8 55. Ra1 Kg7 56. Ke1 Kf7 57. Kd2 Ke7 58. Nf2 Kd8 59. Be2 Kc7 60. Bd1 Rb2 0-1


[Site "https://www.chess.com"]

[Event "Titled Tuesday Blitz May 10 Early 2022"]
[White "Korchmar, Vasiliy"]
[Black "Carlsen, Magnus"]
[WhiteFideId "24131750"]
[BlackFideId "1503014"]
[WhiteElo "2370"]
[BlackElo "2832"]
[Result "0-1"]
[Round "05"]
[TimeControl "180+1"]
[Date "2022.05.10"]
[WhiteClock "0:00:01"]
[BlackClock "0:02:25"]

1. e4 b6 2. d4 Bb7 3. Bd3 d6 4. Nc3 Nd7 5. Nf3 g6 6. Be3 Bg7 7. Qd2 e5 8. O-O-O Ngf6 9. Bh6 Bxh6 10. Qxh6 Qe7 11. dxe5 dxe5 12. Bc4 O-O-O 13. Nd5 Nxd5 14. Bxd5 c6 15. Bb3 f6 16. Qe3 Nc5 17. h4 Kc7 18. h5 g5 19. h6 a5 20. a3 Rxd1+ 21. Rxd1 Rd8 22. Rxd8 Qxd8 23. Nh2 Bc8 24. Nf1 Qf8 25. Nd2 Qxh6 26. Nc4 Qh1+ 27. Kd2 Qxg2 28. Nxa5 Nxe4+ 0-1


[Site "https://www.chess.com"]

[Event "Titled Tuesday Blitz May 10 Early 2022"]
[White "Kosteniuk, Alexandra"]
[Black "Ismayil, Malak"]
[WhiteFideId "4128125"]
[BlackFideId "13412604"]
[WhiteElo "2469"]
[BlackElo "1879"]
[Result "1-0"]
[Round "05"]
[TimeControl "180+1"]
[Date "2022.05.11"]
[WhiteClock "0:00:19"]
[BlackClock "0:00:02"]

1. e4 e5 2. Nf3 Nc6 3. Bc4 Bc5 4. c3 Nf6 5. d4 exd4 6. cxd4 Bb4+ 7. Nbd2 Bxd2+ 8. Bxd2 d6 9. e5 dxe5 10. Nxe5 O-O 11. Nxc6 bxc6 12. O-O Qxd4 13. Qc1 Bf5 14. Be3 Qh4 15. Bg5 Qh5 16. Bxf6 gxf6 17. Bb3 Qg6 18. f3 Rad8 19. Qxc6 Rd2 20. Rf2 Rfd8 21. Raf1 Bh3 22. f4 Bf5 23. Rxd2 Rxd2 24. Rf2 Rxf2 25. Kxf2 Be4 26. Qe8+ Kg7 27. g3 f5 28. Qe5+ Kh6 29. Qd4 Qh5 30. Qf6+ Qg6 31. Qxg6+ fxg6 32. Ke3 Kg7 33. Kd4 Kf6 34. Bd5 Bb1 35. Kc5 g5 36. a4 gxf4 37. gxf4 Kg6 38. Bf3 Be4 39. Be2 c6 40. Kd6 Kf6 41. a5 h5 42. h4 Kg6 43. b4 Bd5 44. Ke5 Be4 45. Bd1 Bg2 46. Bc2 Bh1 47. Bxf5+ Kh6 48. Be4 Bxe4 49. Kxe4 Kg6 50. Ke5 Kf7 51. Kf5 Ke7 52. Kg6 1-0


[Site "https://www.chess.com"]

[Event "Titled Tuesday Blitz May 10 Early 2022"]
[White "Kozak, Adam"]
[Black "Janaszak, Dawid"]
[WhiteFideId "753246"]
[BlackFideId "1119206"]
[WhiteElo "2459"]
[BlackElo "2199"]
[Result "1-0"]
[Round "05"]
[TimeControl "180+1"]
[Date "2022.05.10"]
[WhiteClock "0:02:28"]
[BlackClock "0:00:02"]

1. c4 Nf6 2. Nc3 g6 3. e4 d6 4. d4 Bg7 5. Nf3 O-O 6. Be2 c5 7. O-O cxd4 8. Nxd4 Nc6 9. Be3 Nxd4 10. Bxd4 Bd7 11. Re1 Bc6 12. Nd5 Bxd5 13. exd5 Nd7 14. h4 Bxd4 15. Qxd4 Qb6 16. Qd2 Rfe8 17. h5 Nf8 18. h6 e5 19. dxe6 Nxe6 20. Rad1 Rad8 21. Qc3 Re7 22. Bg4 Qc7 23. Qf6 Rde8 24. b3 b6 25. Re3 Rf8 26. Red3 Rd7 27. Bxe6 fxe6 28. Qxe6+ Kh8 29. Rxd6 Rxd6 30. Qxd6 Qf7 31. Qe5+ Kg8 32. Rd2 Re8 33. Qd4 Re1+ 34. Kh2 Qc7+ 35. g3 Qc6 36. Qd8+ Kf7 37. Rd7+ Ke6 38. Qe7+ Kf5 39. Rd5+ Kg4 40. Qxe1 1-0


[Site "https://www.chess.com"]

[Event "Titled Tuesday Blitz May 10 Early 2022"]
[White "Kruckenhauser, Arthur"]
[Black "Trimitzios, Petros"]
[WhiteFideId "1642812"]
[BlackFideId "25808796"]
[WhiteElo "2243"]
[BlackElo "2049"]
[Result "1-0"]
[Round "05"]
[TimeControl "180+1"]
[Date "2022.05.11"]
[WhiteClock "0:00:18"]
[BlackClock "0:00:19"]

1. e4 c5 2. c3 d6 3. d4 Nf6 4. d5 g6 5. Nf3 Bg7 6. Bd3 O-O 7. O-O e6 8. c4 exd5 9. cxd5 a6 10. a4 b6 11. h3 Nbd7 12. Nc3 Rb8 13. Bf4 Qc7 14. Qd2 c4 15. Bc2 b5 16. axb5 axb5 17. Nd4 Ne5 18. Ndxb5 Qc5 19. Be3 Qb4 20. Ra4 Rxb5 21. Rxb4 Rxb4 22. f4 Ned7 23. Bd4 Re8 24. Re1 Rxb2 25. Qc1 Rb8 26. e5 Nh5 27. g4 dxe5 28. gxh5 Bb7 29. fxe5 Nxe5 30. Be4 Nf3+ 31. Bxf3 Bxd4+ 32. Kg2 Rf8 33. Qd2 Bh8 34. d6 Bxf3+ 35. Kxf3 Rb3 36. Re3 Bg7 37. d7 Bf6 38. Nd5 Bg5 39. Qd4 Rd8 40. Rxb3 cxb3 41. h6 Bxh6 42. Ne7+ Kf8 43. Nc6 b2 44. Qh8# 1-0


[Site "https://www.chess.com"]

[Event "Titled Tuesday Blitz May 10 Early 2022"]
[White "Kwon, Sehyun"]
[Black "Koziorowicz, Michal"]
[WhiteFideId "13203088"]
[BlackFideId "21809194"]
[WhiteElo "1778"]
[BlackElo "2219"]
[Result "1-0"]
[Round "05"]
[TimeControl "180+1"]
[Date "2022.05.11"]
[WhiteClock "0:00:09"]
[BlackClock "0:00:09"]

1. e4 c5 2. Nf3 d6 3. Bb5+ Bd7 4. Bxd7+ Qxd7 5. O-O Nc6 6. Re1 g6 7. c3 d5 8. exd5 Qxd5 9. d4 Bg7 10. Be3 cxd4 11. cxd4 Nf6 12. Nc3 Qd7 13. d5 Nd8 14. Ne5 Qf5 15. Bc5 O-O 16. Bxe7 Re8 17. d6 Nc6 18. Nxc6 bxc6 19. Qa4 c5 20. h3 Nd7 21. g4 Qf3 22. Qxd7 Bd4 23. Ne4 Rad8 24. Qc6 Qxh3 25. Nf6+ Kh8 26. Nxe8 Qg3+ 27. Qg2 Bxf2+ 28. Kf1 Qd3+ 29. Kxf2 Qd4+ 30. Kf1 Rxe8 31. Qf3 Kg8 32. Rad1 Qc4+ 33. Kg2 Qc2+ 34. Kg1 Qxb2 35. d7 Rb8 36. d8=Q+ Rxd8 37. Rxd8+ Kg7 38. Bf8+ Kg8 39. Bh6# 1-0


[Site "https://www.chess.com"]

[Event "Titled Tuesday Blitz May 10 Early 2022"]
[White "Lazavik, Denis"]
[Black "Beerdsen, Thomas"]
[WhiteFideId "13515110"]
[BlackFideId "1030108"]
[WhiteElo "2437"]
[BlackElo "2585"]
[Result "1-0"]
[Round "05"]
[TimeControl "180+1"]
[Date "2022.05.10"]
[WhiteClock "0:01:42"]
[BlackClock "0:01:55"]

1. d4 Nf6 2. c4 e6 3. Nf3 c5 4. d5 exd5 5. cxd5 d6 6. Nc3 g6 7. h3 Bg7 8. e4 O-O 9. Bd3 Re8 10. O-O Nbd7 11. Re1 a6 12. a4 Qc7 13. Bf4 c4 14. Bc2 Nh5 15. Bh2 Nc5 16. Nd2 Nd3 17. Bxd3 cxd3 18. Qf3 Bxc3 19. Rec1 Qb6 20. bxc3 Bd7 21. Qxd3 Rac8 22. Nc4 1-0


[Site "https://www.chess.com"]

[Event "Titled Tuesday Blitz May 10 Early 2022"]
[White "Le Ruyet, Leopold"]
[Black "Juhasz, Agoston"]
[WhiteFideId "645923"]
[BlackFideId "778346"]
[WhiteElo "2276"]
[BlackElo "2211"]
[Result "0-1"]
[Round "05"]
[TimeControl "180+1"]
[Date "2022.05.11"]
[WhiteClock "0:00:03"]
[BlackClock "0:00:23"]

1. c4 Nf6 2. Nc3 e5 3. Nf3 Nc6 4. e4 d6 5. d4 Bg4 6. d5 Nd4 7. h3 Bxf3 8. gxf3 g6 9. f4 Bg7 10. fxe5 dxe5 11. Be3 c5 12. Qa4+ Nd7 13. O-O-O O-O 14. h4 a6 15. Rd2 h5 16. Qd1 b5 17. f4 exf4 18. Bxf4 Ne5 19. Kb1 bxc4 20. Bxe5 Bxe5 21. Bxc4 Rb8 22. Ka1 Rb4 23. Qf1 Qa5 24. a3 Rxb2 25. Rxb2 Qxc3 26. Qc1 Nc2+ 0-1


[Site "https://www.chess.com"]

[Event "Titled Tuesday Blitz May 10 Early 2022"]
[White "Le, Tuan Minh"]
[Black "Arabidze, Meri"]
[WhiteFideId "12401153"]
[BlackFideId "13604040"]
[WhiteElo "2450"]
[BlackElo "2335"]
[Result "1-0"]
[Round "05"]
[TimeControl "180+1"]
[Date "2022.05.11"]
[WhiteClock "0:01:01"]
[BlackClock "0:00:02"]

1. d4 f5 2. e4 fxe4 3. Nc3 Nf6 4. Bg5 Nc6 5. d5 Ne5 6. Qd4 Nf7 7. Bxf6 exf6 8. O-O-O Be7 9. Qxe4 Nd6 10. Qf4 O-O 11. Nf3 a6 12. h4 b5 13. h5 Rb8 14. Bd3 b4 15. Ne4 f5 16. Ng3 Bf6 17. Rhe1 a5 18. Kb1 a4 19. Nxf5 b3 20. cxb3 axb3 21. a3 Bxb2 22. Kxb2 Nxf5 23. Bxf5 Qf6+ 24. Nd4 d6 25. Be6+ Bxe6 26. Qxf6 Rxf6 27. Rxe6 Rxf2+ 28. Re2 Rf4 29. Rd3 Rg4 30. Nc6 Rf8 31. Rxb3 Rg5 32. Rb7 Kh8 33. a4 Rxd5 34. a5 Rc5 35. Rc2 Rxh5 36. a6 Rh4 37. Kb3 Rh1 38. Kb2 Rh4 39. a7 Ra4 40. Rb8 Rg8 41. Ne7 1-0


[Site "https://www.chess.com"]

[Event "Titled Tuesday Blitz May 10 Early 2022"]
[White "Legenia, Artem"]
[Black "Khabinets, Ivan"]
[WhiteFideId "14136945"]
[BlackFideId "14115980"]
[WhiteElo "1936"]
[BlackElo "2114"]
[Result "0-1"]
[Round "05"]
[TimeControl "180+1"]
[Date "2022.05.11"]
[WhiteClock "0:00:03"]
[BlackClock "0:00:19"]

1. d4 d5 2. Nf3 e6 3. Bf4 Nf6 4. e3 Bd6 5. Bg3 O-O 6. Bd3 c5 7. c3 Nc6 8. O-O Be7 9. h3 Bd6 10. Bxd6 Qxd6 11. Nbd2 e5 12. dxe5 Nxe5 13. Nxe5 Qxe5 14. Qf3 Re8 15. Rfe1 Ne4 16. Bxe4 dxe4 17. Qf4 Qxf4 18. exf4 f5 19. Rad1 b6 20. Nf1 Ba6 21. Ne3 g6 22. Rd7 Red8 23. Red1 Bd3 24. Nd5 Rxd7 25. Nf6+ Kf7 26. Nxd7 Ke6 27. Ne5 Rd8 28. h4 Kf6 29. f3 h6 30. Kf2 g5 31. hxg5+ hxg5 32. fxe4 gxf4 33. Nxd3 fxe4 34. Ke2 Rxd3 35. Rxd3 exd3+ 36. Kxd3 Kf5 37. Ke2 Ke4 38. Kf2 c4 39. Ke2 b5 40. Kf2 Kd3 41. Kf3 Kc2 42. Kxf4 Kxb2 43. g4 b4 44. cxb4 c3 45. g5 c2 46. g6 c1=Q+ 0-1


[Site "https://www.chess.com"]

[Event "Titled Tuesday Blitz May 10 Early 2022"]
[White "Levine, David"]
[Black "Broca Jimenez, Fernando"]
[WhiteFideId "2011611"]
[BlackFideId "5104742"]
[WhiteElo "2019"]
[BlackElo "2062"]
[Result "1-0"]
[Round "05"]
[TimeControl "180+1"]
[Date "2022.05.11"]
[WhiteClock "0:00:29"]
[BlackClock "0:00:07"]

1. d4 Nf6 2. c4 d6 3. g3 g6 4. Bg2 Bg7 5. Nf3 O-O 6. O-O Nc6 7. Nc3 e5 8. dxe5 dxe5 9. Bg5 Be6 10. b3 Qxd1 11. Rfxd1 h6 12. Bxf6 Bxf6 13. Ne4 Be7 14. e3 f5 15. Nc3 Rad8 16. Nd5 Bd6 17. e4 fxe4 18. Nd2 Bxd5 19. cxd5 Ne7 20. Nxe4 Kg7 21. Rac1 Rc8 22. Bh3 Nf5 23. Kg2 Rfd8 24. Rc4 Ba3 25. Nc3 Nd4 26. Bxc8 Rxc8 27. f4 Bd6 28. Ne4 Rd8 29. Nxd6 cxd6 30. fxe5 dxe5 31. Rc7+ Kf6 32. Rxb7 a5 33. Rb6+ Kg5 34. d6 Rd7 35. Ra6 Kf5 36. h3 Ke4 37. Re1+ Kd5 38. Rxa5+ Kxd6 39. Raxe5 Nc2 40. Re6+ Kc7 41. Rc1 Rd2+ 42. Kf3 Kb7 43. Rxc2 Rxc2 44. Rxg6 Rxa2 45. Rxh6 Ra1 46. Rd6 Rf1+ 47. Kg4 Rb1 48. Rd3 Kc6 49. h4 Kb5 50. h5 Kb4 51. Rf3 Rf1 52. Rxf1 1-0


[Site "https://www.chess.com"]

[Event "Titled Tuesday Blitz May 10 Early 2022"]
[White "Levitskiy, Andrey"]
[Black "Todorovic, Bojan"]
[WhiteFideId "14132885"]
[BlackFideId "917087"]
[WhiteElo "2301"]
[BlackElo "2266"]
[Result "1-0"]
[Round "05"]
[TimeControl "180+1"]
[Date "2022.05.11"]
[WhiteClock "0:00:40"]
[BlackClock "0:00:45"]

1. e4 e5 2. Nf3 Nc6 3. Bc4 Be7 4. d4 d6 5. d5 Nb8 6. Bd3 Nd7 7. c4 Nc5 8. Bc2 a5 9. Nc3 Nf6 10. O-O O-O 11. Be3 b6 12. a3 Ng4 13. b4 axb4 14. axb4 Rxa1 15. Qxa1 Nxe3 16. fxe3 Nd7 17. Nb5 Bb7 18. Qa7 Qc8 19. Bd3 c6 20. Nc3 Qc7 21. dxc6 Qxc6 22. Nd5 Bd8 23. Nd2 Qc8 24. Be2 Bxd5 25. exd5 Bg5 26. Ne4 Bxe3+ 27. Kh1 f5 28. Nxd6 Qd8 29. Nxf5 Bf4 30. Bg4 Nf6 31. Qxg7# 1-0


[Site "https://www.chess.com"]

[Event "Titled Tuesday Blitz May 10 Early 2022"]
[White "Lewicki, Miroslaw"]
[Black "Samunenkov, Ihor"]
[WhiteFideId "1113380"]
[BlackFideId "14187086"]
[WhiteElo "2283"]
[BlackElo "2409"]
[Result "0-1"]
[Round "05"]
[TimeControl "180+1"]
[Date "2022.05.11"]
[WhiteClock "0:00:01"]
[BlackClock "0:00:25"]

1. g3 c5 2. Bg2 Nc6 3. Nf3 g6 4. O-O Bg7 5. c3 e5 6. e4 Nge7 7. d3 O-O 8. Na3 d6 9. h3 h6 10. Nc4 Be6 11. a4 Qd7 12. Kh2 f5 13. exf5 gxf5 14. Re1 e4 15. Nh4 d5 16. Na3 Ne5 17. dxe4 fxe4 18. Be3 Nd3 19. Re2 Nf5 20. Nxf5 Rxf5 21. Rd2 d4 22. cxd4 cxd4 23. Bxe4 dxe3 24. Bxf5 exd2 25. Bxe6+ Qxe6 26. Qxd2 Ne5 27. Qe3 Rf8 28. Rd1 Qc6 29. Re1 Nf3+ 0-1


[Site "https://www.chess.com"]

[Event "Titled Tuesday Blitz May 10 Early 2022"]
[White "Liyanage, Ranindu Dilshan"]
[Black "Stevens, Christian"]
[WhiteFideId "9915834"]
[BlackFideId "2604450"]
[WhiteElo "1858"]
[BlackElo "2475"]
[Result "1/2-1/2"]
[Round "05"]
[TimeControl "180+1"]
[Date "2022.05.11"]
[WhiteClock "0:00:03"]
[BlackClock "0:00:05"]

1. e4 c5 2. Nf3 e6 3. d4 cxd4 4. Bg5 Qc7 5. Nxd4 a6 6. Nd2 Nc6 7. N4b3 Nf6 8. Be2 Be7 9. O-O h5 10. Bh4 Ng4 11. Bg3 d6 12. f3 Ne3 13. Qc1 Nxf1 14. Qxf1 h4 15. Bf2 h3 16. g3 Bd7 17. Rc1 b5 18. c4 b4 19. c5 d5 20. exd5 exd5 21. Bd3 O-O 22. f4 Bf6 23. Rb1 Rfe8 24. Nf3 Bg4 25. Nbd2 Re7 26. a3 a5 27. Bb5 Rb8 28. Bd3 bxa3 29. bxa3 Rxb1 30. Qxb1 Qd8 31. Qb5 Bd7 32. Qb1 Qe8 33. Kf1 Bg4 34. Bb5 Bc3 35. Qc2 Bxd2 36. Ne5 Bd7 37. Bxc6 Bxc6 38. Qxd2 Bb5+ 39. Kg1 f6 40. Nf3 Re2 41. Qxd5+ Kh7 42. Qf5+ Kg8 43. Qxh3 Bc6 44. Nd4 Re1+ 45. Bxe1 Qxe1+ 46. Qf1 Qe3+ 47. Qf2 Qc1+ 48. Qf1 Qxc5 49. Qf2 Qc1+ 50. Qf1 Qd2 51. Nxc6 Qe3+ 52. Qf2 Qc1+ 53. Qf1 Qxc6 54. Qe1 Qc5+ 55. Kg2 Qxa3 56. Qe8+ Qf8 57. Qh5 Qa8+ 58. Kh3 a4 59. Qe2 a3 60. Qa2+ Kh8 61. Kg4 Qc8+ 62. f5 Qc5 63. h3 Qd4+ 64. Kh5 Qb2 65. Qf7 Kh7 66. Qg6+ Kg8 67. Qe8+ Kh7 68. Qg6+ Kg8 69. Qe8+ Kh7 70. Qg6+ 1/2-1/2


[Site "https://www.chess.com"]

[Event "Titled Tuesday Blitz May 10 Early 2022"]
[White "Ljukin, Sergei"]
[Black "Onslow, Alfie"]
[WhiteFideId "14102200"]
[BlackFideId "436976"]
[WhiteElo "2312"]
[BlackElo "1885"]
[Result "1-0"]
[Round "05"]
[TimeControl "180+1"]
[Date "2022.05.11"]
[WhiteClock "0:00:34"]
[BlackClock "0:00:01"]

1. e4 g6 2. d4 Bg7 3. Nc3 c6 4. Bc4 Na6 5. Nf3 Nc7 6. d5 cxd5 7. Nxd5 Nxd5 8. Qxd5 e6 9. Qd3 Ne7 10. O-O d5 11. Rd1 O-O 12. exd5 Nxd5 13. Bxd5 exd5 14. Qxd5 Qxd5 15. Rxd5 Bg4 16. c3 Rad8 17. Rxd8 Rxd8 18. Be3 Bxf3 19. gxf3 b6 20. a4 Rd7 21. Kf1 f5 22. Ke2 Kf7 23. a5 b5 24. a6 Be5 25. Ra5 f4 26. Bc5 Ke6 27. Rxb5 g5 28. Rb7 Rxb7 29. axb7 Bb8 30. Kd3 h5 31. h3 Kf5 32. Bd4 Ke6 33. Ke4 g4 34. fxg4 1-0


[Site "https://www.chess.com"]

[Event "Titled Tuesday Blitz May 10 Early 2022"]
[White "Lomaia, Diana"]
[Black "Krstulovic, Alex"]
[WhiteFideId "13612476"]
[BlackFideId "760056"]
[WhiteElo "1744"]
[BlackElo "2193"]
[Result "0-1"]
[Round "05"]
[TimeControl "180+1"]
[Date "2022.05.11"]
[WhiteClock "0:00:07"]
[BlackClock "0:00:35"]

1. d4 Nf6 2. c4 e6 3. Nc3 Bb4 4. Nf3 O-O 5. g3 d5 6. Bg2 dxc4 7. O-O c6 8. a4 Nbd7 9. Bg5 h6 10. Bxf6 Qxf6 11. Qc2 Rb8 12. Ne4 Qe7 13. Qxc4 b5 14. Qc2 a5 15. Ne5 Nxe5 16. dxe5 Bb7 17. Rfd1 Rfd8 18. Rac1 Rd5 19. Nd6 Bxd6 20. Bxd5 Bxe5 21. Bxc6 Bxc6 22. Qxc6 bxa4 23. Qxa4 Bxb2 24. Rb1 Qg5 25. Qe4 Rb4 26. Qa8+ Kh7 27. Qe8 Qf5 28. Qc6 a4 29. Qf3 Qxf3 30. exf3 a3 31. Ra1 Bxa1 32. Rxa1 Rb3 33. Kg2 e5 34. g4 h5 35. h3 Kg6 36. Kg3 h4+ 37. Kxh4 Rxf3 38. Ra2 f6 39. Re2 Kh6 40. g5+ fxg5+ 41. Kg4 Rf4+ 42. Kg3 Ra4 43. Ra2 Kh5 44. f3 g6 45. Kg2 Kh6 46. Kg3 Kg7 47. Kf2 Kf6 48. Kg3 Kf5 49. Kg2 Kf4 50. Kf2 Ra6 51. Kg2 Ke3 52. Kg3 Ra4 53. Kg2 Kd3 54. Kg3 Kc3 55. Ra1 a2 0-1


[Site "https://www.chess.com"]

[Event "Titled Tuesday Blitz May 10 Early 2022"]
[White "Maevsky, Nikolay"]
[Black "Zherebtsova, Alexandra"]
[WhiteFideId "4198220"]
[BlackFideId "24129518"]
[WhiteElo "2149"]
[BlackElo "2025"]
[Result "1-0"]
[Round "05"]
[TimeControl "180+1"]
[Date "2022.05.11"]
[WhiteClock "0:00:14"]
[BlackClock "0:00:11"]

1. d4 d5 2. Nf3 Nf6 3. e3 e6 4. Bd3 g6 5. b3 Bg7 6. Ba3 Nbd7 7. Nbd2 b6 8. O-O Bb7 9. c4 c5 10. Rc1 Rc8 11. Qe2 O-O 12. cxd5 Nxd5 13. Nc4 cxd4 14. Bxf8 Nc3 15. Rxc3 dxc3 16. Bxg7 Kxg7 17. Rc1 Bxf3 18. gxf3 b5 19. Nd6 Rc5 20. Ne4 Rh5 21. Ng3 Rh3 22. Bxb5 Ne5 23. f4 Qh4 24. fxe5 Rxh2 25. Qf3 h5 26. Rxc3 Qh3 27. Bf1 Rh1+ 28. Qxh1 1-0


[Site "https://www.chess.com"]

[Event "Titled Tuesday Blitz May 10 Early 2022"]
[White "Maghsoodloo, Parham"]
[Black "Ivanisevic, Ivan"]
[WhiteFideId "12539929"]
[BlackFideId "912417"]
[WhiteElo "2630"]
[BlackElo "2495"]
[Result "1-0"]
[Round "05"]
[TimeControl "180+1"]
[Date "2022.05.10"]
[WhiteClock "0:00:06"]
[BlackClock "0:00:01"]

1. d4 d5 2. c4 e6 3. Nf3 Nf6 4. Nc3 Nbd7 5. Bg5 c6 6. e3 Qa5 7. Nd2 Bb4 8. Qc2 dxc4 9. Bxf6 Nxf6 10. Nxc4 Qc7 11. Bd3 c5 12. a3 Bxc3+ 13. bxc3 O-O 14. Ne5 b6 15. O-O Bb7 16. f4 cxd4 17. exd4 Rac8 18. Rac1 Rfd8 19. f5 Qe7 20. fxe6 fxe6 21. Qb2 Rc7 22. Rfe1 Nd5 23. c4 Nf4 24. Be4 Bxe4 25. Rxe4 Rf8 26. Kh1 Rcc8 27. Qd2 Ng6 28. Nxg6 hxg6 29. Qe3 Qf6 30. h3 Rc6 31. c5 bxc5 32. Rxc5 Rd6 33. Rce5 Qf1+ 34. Kh2 Rf6 35. Rxe6 Rdxe6 36. Rxe6 Rxe6 37. Qxe6+ Kh7 38. Qe4 Qa1 39. Qh4+ Kg8 40. Qd8+ Kh7 41. Qd6 a5 42. d5 a4 43. Qg3 Qd4 44. d6 Kh6 45. h4 Kh7 46. Kh3 Qd5 47. Qf4 Qd3+ 48. g3 Qxa3 49. d7 Qd3 50. Qf7 Qd1 51. Qf4 Qxd7+ 52. Kh2 Qa7 53. Qe4 Qa5 54. g4 a3 55. h5 Qd2+ 56. Kh3 Qd6 57. Qc2 a2 58. hxg6+ Qxg6 59. Qxa2 Qd3+ 60. Kh4 Qe3 61. Qc2+ g6 62. Qc7+ Kh6 63. Qg3 Qg5+ 64. Kh3 Qf6 65. Qe3+ g5 66. Qd3 Qg6 67. Qc3 Qe6 68. Qh8+ Kg6 69. Qh5+ Kf6 70. Qh6+ Kf7 71. Qxg5 Qb3+ 72. Kh4 Qf3 73. Qh5+ Kg7 74. Qe5+ Kh7 75. Kg5 Qf7 76. Qf5+ Qxf5+ 77. Kxf5 Kg7 78. Kg5 1-0


[Site "https://www.chess.com"]

[Event "Titled Tuesday Blitz May 10 Early 2022"]
[White "Mammadzada, Gunay"]
[Black "Cunha, Lucas Aguiar"]
[WhiteFideId "13403729"]
[BlackFideId "2125404"]
[WhiteElo "2242"]
[BlackElo "2361"]
[Result "1-0"]
[Round "05"]
[TimeControl "180+1"]
[Date "2022.05.11"]
[WhiteClock "0:00:02"]
[BlackClock "0:00:05"]

1. Nf3 d5 2. b3 c5 3. e3 a6 4. Bb2 Nc6 5. d4 Bg4 6. Nbd2 e6 7. h3 Bh5 8. a3 Nf6 9. Bd3 Rc8 10. O-O Qc7 11. Re1 cxd4 12. exd4 Be7 13. c4 dxc4 14. bxc4 O-O 15. Qb1 Rfd8 16. Ng5 Bg6 17. Bxg6 hxg6 18. Ngf3 b5 19. cxb5 axb5 20. Qd3 b4 21. a4 Na5 22. Qe3 Qc2 23. Rab1 Nd5 24. Qe4 Qxa4 25. Ne5 Qe8 26. Qg4 Nc3 27. Ra1 Nc6 28. Ndf3 Bf6 29. h4 Ne7 30. h5 gxh5 31. Qxh5 Ned5 32. Qh3 Ra8 33. Ng4 Be7 34. Qg3 Bd6 35. Nfe5 f6 36. Nh6+ Kh7 37. Nhf7 fxe5 38. Qh3+ Kg8 39. Nxd8 Rxd8 40. dxe5 Bc5 41. Ra6 Nf4 42. Qg4 Nd3 43. Re2 Nxb2 44. Rxb2 Qf7 45. Rxe6 1-0


[Site "https://www.chess.com"]

[Event "Titled Tuesday Blitz May 10 Early 2022"]
[White "Marin Ramirez, Gerardo"]
[Black "Nilsen, Tobias Lang"]
[WhiteFideId "3901068"]
[BlackFideId "1521624"]
[WhiteElo "1920"]
[BlackElo "2014"]
[Result "0-1"]
[Round "05"]
[TimeControl "180+1"]
[Date "2022.05.11"]
[WhiteClock "0:00:06"]
[BlackClock "0:00:55"]

1. d4 Nf6 2. Nf3 e6 3. c4 Bb4+ 4. Bd2 Bxd2+ 5. Nbxd2 O-O 6. e4 d6 7. Bd3 e5 8. O-O Qe7 9. d5 a5 10. Ne1 Nbd7 11. Nc2 Nc5 12. Qe2 g6 13. Ne3 Nh5 14. g3 Bh3 15. Rfd1 Rae8 16. Nb3 Nxb3 17. axb3 b6 18. b4 axb4 19. Ra7 f5 20. exf5 Qg5 21. fxg6 hxg6 22. Rxc7 Nf4 23. Qc2 Bg4 24. gxf4 exf4 25. Nxg4 Qxg4+ 26. Kh1 f3 27. Bf1 Re2 28. Bh3 Qg2+ 29. Bxg2 fxg2+ 30. Kxg2 Rfxf2+ 31. Kg3 Rxc2 32. b3 Rxh2 33. Rg1 Rhd2 34. Rc6 Kg7 35. Rc7+ Kf6 36. Rf1+ Kg5 37. Rf3 Rg2+ 38. Kh3 Rh2+ 39. Kg3 Rcg2# 0-1


[Site "https://www.chess.com"]

[Event "Titled Tuesday Blitz May 10 Early 2022"]
[White "Martic, Ivan"]
[Black "Vasquez Schroeder, Rodrigo"]
[WhiteFideId "929301"]
[BlackFideId "3400042"]
[WhiteElo "2317"]
[BlackElo "2567"]
[Result "0-1"]
[Round "05"]
[TimeControl "180+1"]
[Date "2022.05.11"]
[WhiteClock "0:00:41"]
[BlackClock "0:01:58"]

1. e4 c5 2. Nf3 d6 3. d4 cxd4 4. Nxd4 Nf6 5. f3 Nc6 6. c4 e6 7. Nc3 Be7 8. Be3 O-O 9. Nc2 Qa5 10. Qd2 Rd8 11. Be2 d5 12. cxd5 exd5 13. Nxd5 Nxd5 14. exd5 Nb4 15. O-O Rxd5 16. Qc3 Nxc2 17. Qxc2 Bf5 18. Qb3 Re5 19. Kh1 Qb4 20. Bc4 Qxb3 21. axb3 Rxe3 22. Rfd1 a6 0-1


[Site "https://www.chess.com"]

[Event "Titled Tuesday Blitz May 10 Early 2022"]
[White "Martin Duque, Jesus"]
[Black "Perez Gormaz, Matias"]
[WhiteFideId "2208954"]
[BlackFideId "3406342"]
[WhiteElo "2243"]
[BlackElo "2341"]
[Result "0-1"]
[Round "05"]
[TimeControl "180+1"]
[Date "2022.05.11"]
[WhiteClock "0:00:39"]
[BlackClock "0:00:06"]

1. Nf3 d5 2. b3 Bg4 3. e3 Nd7 4. Bb2 Ngf6 5. h3 Bxf3 6. Qxf3 e5 7. g4 c6 8. c4 dxc4 9. Bxc4 e4 10. Qg2 Nc5 11. g5 Nd5 12. a3 Nb6 13. Be2 Nd3+ 14. Bxd3 Qxd3 15. Nc3 O-O-O 16. Nxe4 Qxb3 17. Bc3 Qd5 18. O-O h6 19. g6 Re8 20. f3 f5 21. Ng3 Bd6 22. f4 Re6 23. Qxd5 Nxd5 24. Nxf5 Rxg6+ 25. Kf2 Nxc3 26. dxc3 Bc5 27. Kf3 Rd8 28. a4 Rd3 29. c4 Rf6 30. Ke4 Rc3 31. Rac1 Re6+ 32. Kf3 Ra3 33. Rfe1 g6 34. Nxh6 Bxe3 35. Kg4 Re4 36. Kg5 Bxf4+ 37. Kxg6 Bxc1 38. Rxe4 Bxh6 39. Kxh6 Rxh3+ 40. Kg7 Ra3 41. Kf7 Rxa4 42. Ke7 Ra1 43. c5 Rd1 44. Ra4 a6 45. Ke6 Kc7 46. Ra5 Rd5 47. Kf6 Rd7 48. Ke6 Rd5 49. Kf6 Rd1 50. Ke6 Rb1 51. Kf6 Rb5 52. Rxa6 bxa6 0-1


[Site "https://www.chess.com"]

[Event "Titled Tuesday Blitz May 10 Early 2022"]
[White "Matinian, Nikita"]
[Black "Terry, Renato"]
[WhiteFideId "24129100"]
[BlackFideId "3803457"]
[WhiteElo "2422"]
[BlackElo "2577"]
[Result "0-1"]
[Round "05"]
[TimeControl "180+1"]
[Date "2022.05.10"]
[WhiteClock "0:00:19"]
[BlackClock "0:02:04"]

1. e4 e6 2. d4 d5 3. Nc3 Nf6 4. Bg5 Bb4 5. e5 h6 6. Bd2 Bxc3 7. bxc3 Ne4 8. Qg4 g6 9. Bd3 Nxd2 10. Kxd2 c5 11. h4 Nc6 12. Nf3 cxd4 13. cxd4 Qa5+ 14. c3 b6 15. Qf4 Ba6 16. Qf6 Rg8 17. h5 Bxd3 18. Kxd3 Rc8 19. Rhc1 gxh5 20. Qxh6 Rxg2 21. Qh8+ Kd7 22. Qxh5 Ne7 23. Qxf7 Rxf2 24. Ke3 Rg2 25. Kf4 Rf8 0-1


[Site "https://www.chess.com"]